Map: Green Acres

Players

MegaGiga - Winner!

  • Race: Terran Terran

SHIRYU - Winner!

  • Race: Protoss Protoss

Minegamer - Winner!

  • Race: Terran Terran

A.I. 3 (Harder)

  • Race: Terran Terran

A.I. 4 (Harder)

  • Race: Zerg Zerg

A.I. 5 (Harder)

  • Race: Protoss Protoss

VOD

Have the link to the VOD?

Description

Time

  • Played on: Oct. 13, 2026, 3:12 p.m.
  • Length: 30:44
Show
View Real Time Build Order
Export as new Build Order

MegaGiga Terran - Winner!

Build Orders:  

Get SALT Encoding   

  12  0:00  SCV  
  13  0:13  SCV  
  14  0:19  Supply Depot  
  14  0:25  SCV  
  15  0:41  SCV  
  16  0:42  Barracks  
  16  0:52  Refinery  
  16  0:53  SCV  
  17  0:57  Refinery  
  17  1:05  SCV  
  18  1:17  SCV  
  19  1:29  SCV  
  20  1:39  Barracks Reactor  
  20  1:43  Barracks  
  20  1:48  SCV  
  21  2:00  SCV  
  22  2:07  Factory  
  22  2:12  SCV  
  23  2:23  Supply Depot  
  23  2:44  Barracks Tech Lab, Marine x2, SCV  
  26  2:54  Starport  
  26  2:55  Factory Tech Lab  
  26  3:04  Marine x2  
  26  3:05  Marauder  
  30  3:13  Orbital Command  
  30  3:32  Supply Depot  
  30  3:39  Marine  
  31  3:51  Starport Reactor  
  31  3:53  Marine, Siege Tank, Marauder  
  37  3:57  Marine  
  38  4:11  Marine  
  39  4:30  Supply Depot  
  39  4:44  Marine  
  39  4:48  Engineering Bay  
  39  4:52  Marine, Siege Tank, SCV, Marauder, Supply Depot  
  46  5:04  SCV  
  42  5:24  Siege Tank  
  45  5:31  Marine x2, Marauder  
  49  5:36  Medivac x2  
  53  5:53  Marauder  
  53  5:57  Command Center  
  55  6:04  Supply Depot  
  55  6:25  Marine x2, Viking x2, SCV  
  61  6:37  SCV  
  62  6:52  Command Center  
  62  6:55  SCV  
  62  7:00  Terran Infantry Weapons Level 1  
  63  7:10  Refinery  
  63  7:15  Supply Depot  
  63  7:36  Marine x3  
  63  7:37  Viking, Siege Tank  
  71  7:38  Supply Depot  
  71  7:59  Marine x2  
  71  8:00  SCV  
  74  8:07  Bunker  
  74  8:12  SCV  
  75  8:18  Marauder, SCV  
  78  8:24  SCV  
  79  8:30  SCV  
  80  8:36  SCV  
  80  8:39  Marauder  
  83  8:54  Terran Infantry Armor Level 1  
  83  9:00  Marauder  
  57  9:21  SCV x2  
  59  9:31  Viking x2  
  61  9:33  SCV x2  
  61  9:37  Starport  
  65  9:45  Marine x3  
  68  9:54  SCV x2  
  68  9:55  Refinery  
  70  10:01  Viking x2  
  70  10:03  Marauder  
  70  10:04  Bunker  
  70  10:05  Siege Tank  
  70  10:06  SCV x2  
  81  10:12  Supply Depot  
  81  10:18  SCV x2  
  83  10:25  Marauder  
  85  10:31  Starport Tech Lab  
  85  10:37  Siege Tank  
  88  10:46  Marauder  
  88  10:47  Barracks  
  90  11:01  Orbital Command  
  90  11:09  Cyclone  
  93  11:18  Armory  
  93  11:21  Cloaking Field  
  93  11:23  Banshee  
  93  11:24  Viking x2  
  100  11:31  Mag-Field Accelerator  
  100  11:42  Supply Depot  
  100  11:44  SCV x2  
  102  12:03  SCV x2  
  102  12:05  Supply Depot, Fusion Core  
  102  12:06  Banshee  
  107  12:15  SCV  
  103  12:40  Hyperflight Rotors  
  103  12:41  Viking x2  
  104  12:48  Banshee  
  107  12:51  Supply Depot  
  107  12:59  Command Center  
  107  13:10  Sensor Tower, Infernal Pre-Igniter, Refinery  
  107  13:11  Viking x2  
  111  13:31  Banshee  
  114  13:35  Marine  
  114  13:36  Marine x2  
  111  13:41  Viking x2  
  114  13:54  Marauder  
  116  14:11  Viking  
  116  14:14  Banshee  
  116  14:16  Marauder  
  123  14:21  SCV  
  124  14:33  SCV, Viking  
  124  14:37  Marauder  
  129  14:39  Siege Tank  
  129  14:41  Viking  
  129  14:42  Marine  
  129  14:43  Marine  
  129  14:45  SCV  
  137  14:50  Refinery  
  137  14:57  Banshee, SCV  
  141  15:14  Supply Depot  
  141  15:17  Supply Depot  
  141  15:35  Marine  
  141  15:36  Marine, Viking x2, SCV  
  141  15:40  Banshee  
  102  16:22  Banshee  
  105  16:30  Siege Tank  
  108  16:48  Viking x2  
  108  16:51  Interference Matrix  
  108  16:53  Terran Vehicle Weapons Level 1  
  112  17:02  Siege Tank  
  112  17:05  Banshee  
  112  17:06  Concussive Shells  
  118  17:18  Viking x2  
  122  17:34  Siege Tank  
  125  17:47  Factory  
  125  17:48  Banshee  
  128  17:52  Marine x3  
  131  18:06  Siege Tank  
  131  18:09  Marine  
  135  18:17  Viking  
  137  18:20  SCV x2  
  139  18:31  Banshee, Factory Tech Lab  
  142  18:39  Marine  
  142  18:41  Marine x2  
  142  18:42  Hellbat, SCV  
  132  18:57  Marine  
  133  19:03  Hellbat  
  135  19:14  Banshee, Marine  
  135  19:15  Marine x2  
  141  19:17  Refinery  
  141  19:32  Marine  
  141  19:33  Hellbat  
  105  20:00  Hellbat x2  
  105  20:04  Marine x2  
  105  20:05  Marine  
  112  20:11  Bunker  
  112  20:20  Command Center  
  112  20:22  Hellbat x2, Marine x2  
  118  20:43  Hellbat x2  
  122  21:03  Marine x2  
  124  21:04  Marine  
  125  21:21  Marine  
  125  21:22  Marauder  
  128  21:33  Siege Tank x2  
  128  21:36  Marine  
  135  21:44  Marauder  
  137  22:05  Marauder  
  137  22:06  Hellbat  
  141  22:26  Marauder  
  115  24:04  Viking  
  115  24:06  Banshee  
  74  24:48  Banshee  
  66  25:31  Banshee  
  54  26:14  Banshee  
  54  29:10  SCV  
Show
View Real Time Build Order
Export as new Build Order

SHIRYU Protoss - Winner!

Build Orders:  

Get SALT Encoding   

  12  0:00  Probe (Chrono Boost)  
  13  0:10  Probe (Chrono Boost)  
  14  0:20  Pylon  
  14  0:21  Probe  
  15  0:38  Probe  
  15  0:41  Gateway  
  16  0:50  Probe  
  16  0:54  Assimilator  
  17  0:58  Assimilator  
  17  1:02  Probe  
  18  1:12  Pylon  
  18  1:14  Probe (Chrono Boost)  
  19  1:24  Probe (Chrono Boost)  
  20  1:29  Probe (Chrono Boost)  
  21  1:33  Zealot  
  23  1:41  Probe  
  23  1:44  Cybernetics Core  
  24  1:47  Pylon  
  24  1:53  Probe  
  25  2:00  Zealot  
  27  2:10  Gateway  
  27  2:20  Warp Gate (Chrono Boost)  
  29  2:39  Zealot  
  29  2:57  Zealot  
  31  2:59  Robotics Facility  
  31  3:26  Pylon  
  31  3:41  Robotics Facility  
  31  3:51  Robotics Bay  
  31  4:07  Stalker x2  
  35  4:14  Nexus  
  35  4:16  Immortal (Chrono Boost)  
  39  4:44  Immortal  
  43  4:46  Pylon  
  43  4:50  Stalker x2  
  47  5:04  Immortal  
  47  5:06  Pylon  
  51  5:15  Twilight Council  
  51  5:29  Probe x2 (Chrono Boost)  
  53  5:40  Probe (Chrono Boost)  
  53  5:41  Probe (Chrono Boost)  
  55  5:45  Probe x2 (Chrono Boost)  
  57  5:52  Stalker  
  57  5:55  Probe x2  
  61  6:07  Probe x2  
  61  6:10  Assimilator  
  63  6:15  Assimilator  
  63  6:19  Probe (Chrono Boost)  
  63  6:20  Probe (Chrono Boost)  
  65  6:25  Stalker  
  65  6:26  Stalker  
  65  6:29  Probe (Chrono Boost)  
  65  6:30  Probe (Chrono Boost)  
  67  6:50  Stalker x2  
  67  6:52  Immortal  
  75  6:58  Blink  
  75  7:15  Stargate  
  75  7:24  Stargate  
  75  7:28  Pylon  
  75  7:30  Stalker  
  75  7:36  Pylon  
  77  7:38  Probe  
  78  7:46  Probe, Immortal  
  78  7:50  Probe  
  85  7:58  Probe  
  85  7:59  Pylon  
  85  8:02  Probe  
  86  8:08  Immortal  
  86  8:10  Probe  
  91  8:17  Void Ray x2  
  99  8:22  Probe  
  100  8:34  Probe  
  81  9:02  Assimilator  
  73  9:37  Probe  
  74  9:45  Stalker  
  74  9:46  Stalker  
  78  9:53  Void Ray x2  
  78  9:55  Immortal x2  
  78  9:58  Nexus  
  94  10:07  Gateway  
  94  10:13  Gateway  
  94  10:17  Assimilator  
  94  10:22  Assimilator  
  94  10:29  Probe (Chrono Boost)  
  94  10:30  Probe (Chrono Boost)  
  96  10:40  Immortal  
  96  10:41  Probe x2 (Chrono Boost)  
  102  10:51  Pylon  
  102  10:55  Pylon  
  102  10:59  Pylon  
  102  11:09  Probe x2, Immortal  
  102  11:11  Void Ray x2  
  116  11:19  Immortal  
  120  11:34  Templar Archives  
  120  11:45  Stalker x3  
  126  11:48  Immortal  
  126  11:51  Stalker  
  126  11:54  Void Ray x2  
  140  11:55  Probe  
  141  12:10  Pylon  
  141  12:12  Pylon  
  141  12:14  Probe, Pylon  
  141  12:15  Probe  
  141  12:16  Probe  
  141  12:20  Immortal  
  136  12:31  Probe  
  135  12:43  Probe  
  130  12:55  Probe (Chrono Boost)  
  129  13:09  Probe (Chrono Boost)  
  130  13:16  Probe (Chrono Boost)  
  130  13:17  Probe x2 (Chrono Boost)  
  129  13:21  Probe  
  129  13:25  Probe  
  129  13:26  Probe  
  132  13:29  Immortal x2  
  132  13:32  Void Ray x2  
  132  13:33  Probe  
  145  13:55  High Templar x2  
  147  13:56  High Templar  
  151  14:07  High Templar  
  151  14:08  Immortal x2  
  161  14:10  Archon  
  161  14:11  Archon  
  161  14:15  Void Ray  
  165  14:23  Pylon  
  165  14:32  Pylon  
  165  14:39  Probe (Chrono Boost)  
  165  14:41  Void Ray  
  170  14:48  Forge  
  170  14:59  Pylon  
  170  15:01  Pylon  
  170  15:03  Pylon  
  170  15:06  Pylon  
  170  15:08  Immortal x2  
  178  15:17  Void Ray  
  178  15:20  Stalker  
  178  15:21  Stalker x2  
  186  15:22  Stalker  
  168  16:04  Photon Cannon  
  168  16:06  Photon Cannon  
  168  16:10  Photon Cannon  
  168  16:12  Photon Cannon  
  164  16:34  Immortal x2  
  154  17:06  Pylon  
  154  17:08  Pylon  
  154  17:12  Pylon  
  154  17:14  Immortal x2  
  162  17:16  Void Ray x2  
  170  17:39  Stalker x2  
  170  17:40  Stalker x2  
  178  17:53  Immortal x2  
  186  17:59  Void Ray x2  
  194  18:32  Immortal  
  168  19:07  Void Ray x2  
  174  19:20  Nexus  
  174  19:27  Assimilator  
  174  19:29  Assimilator  
  170  19:50  Void Ray x2  
  170  20:33  Void Ray x2  
  178  20:59  Immortal x2  
  186  21:16  Void Ray x2  
  194  21:38  Immortal  
  176  22:18  Immortal  
  132  22:57  Immortal  
  136  23:19  Colossus  
  132  23:26  Void Ray x2  
  146  23:36  Immortal  
  138  24:09  Void Ray x2  
  142  24:13  Colossus  
  142  24:15  Colossus  
  154  24:32  High Templar x3  
  154  24:33  High Templar  
  158  24:45  Archon x2  
  158  24:52  Void Ray x2  
  166  25:06  Colossus  
  166  25:08  Colossus  
  176  25:35  Void Ray x2  
  184  26:00  Colossus  
  184  26:02  Colossus  
  196  26:18  Void Ray  
Show
View Real Time Build Order
Export as new Build Order

Minegamer Terran - Winner!

Build Orders:  

Get SALT Encoding   

  12  0:25  Supply Depot, Refinery  
  12  0:33  Refinery  
  12  0:56  Barracks  
  12  1:36  Supply Depot  
  12  1:40  SCV  
  13  1:49  Marine  
  13  1:52  SCV  
  15  2:04  SCV  
  15  2:07  Marine  
  17  2:16  SCV  
  18  2:28  SCV  
  19  2:37  Factory  
  19  2:40  SCV  
  20  2:48  Marine  
  21  2:52  SCV  
  22  3:05  Supply Depot  
  22  3:06  Marine  
  23  3:14  SCV  
  24  3:22  Factory Tech Lab  
  24  3:24  Marine  
  25  3:48  Starport  
  25  3:49  Siege Tank  
  28  4:21  Siege Tank  
  31  4:46  Starport Tech Lab  
  31  5:42  Starport Tech Lab  
  31  5:51  Supply Depot  
  31  5:58  Siege Tank  
  34  6:10  Banshee  
  37  6:30  Siege Tank  
  40  6:47  Starport  
  40  6:53  Banshee  
  43  7:35  Banshee  
  46  7:37  Command Center  
  46  8:05  Starport Tech Lab  
  46  8:32  Supply Depot  
  45  8:43  Supply Depot  
  45  8:54  Banshee  
  45  8:55  Banshee  
  51  9:01  Supply Depot  
  51  9:35  Supply Depot  
  51  9:37  Banshee  
  51  9:38  Banshee  
  57  9:47  Starport  
  57  10:04  SCV  
  58  10:19  Banshee  
  58  10:20  Banshee  
  64  10:31  Starport Tech Lab  
  64  10:54  Banshee  
  64  10:56  Command Center  
  67  11:02  Banshee  
  67  11:03  Banshee  
  73  11:37  Banshee  
  76  11:45  Banshee  
  79  12:07  Banshee  
  82  12:09  SCV  
  83  12:16  Refinery  
  83  12:20  Banshee  
  83  12:21  SCV  
  87  12:28  Banshee  
  90  12:34  SCV  
  91  12:46  SCV  
  92  12:58  SCV  
  93  13:09  Supply Depot  
  93  13:14  Supply Depot  
  93  13:18  Refinery  
  93  13:30  Banshee x2  
  102  13:45  Supply Depot  
  102  13:50  Supply Depot  
  102  13:51  Banshee  
  102  14:13  Banshee x2  
  111  14:56  Banshee x3  
  117  15:38  Banshee x3  
  115  16:21  Banshee  
  75  18:09  Banshee  
  75  18:11  Banshee  
  81  18:13  Banshee  
  84  18:31  Starport  
  45  18:52  Banshee  
  45  18:54  Banshee  
  42  18:56  Banshee  
  32  19:34  Banshee  
  35  19:39  Banshee  
  38  20:22  Banshee  
Show
View Real Time Build Order
Export as new Build Order

A.I. 3 (Harder) Terran 

Build Orders:  

Get SALT Encoding   

  12  0:01  SCV  
  13  0:13  SCV  
  14  0:19  Supply Depot  
  14  0:25  SCV  
  15  0:40  SCV  
  16  0:45  Barracks  
  16  0:50  Refinery  
  16  0:53  SCV  
  17  1:05  SCV  
  18  1:17  SCV  
  19  1:22  Supply Depot  
  19  1:29  SCV  
  20  1:33  Marine  
  21  1:42  Orbital Command, Barracks  
  21  1:51  Refinery, Barracks Tech Lab  
  21  2:09  Supply Depot, Marine  
  22  2:27  Marine  
  23  2:30  Marine  
  24  2:41  Supply Depot  
  24  2:44  Factory  
  24  2:45  Marine  
  24  2:48  Marine  
  26  3:03  Marine  
  27  3:06  Marine  
  28  3:21  Marauder  
  30  3:32  Starport  
  30  3:37  SCV  
  31  3:41  Supply Depot  
  31  3:42  Marauder  
  33  3:49  SCV  
  34  3:59  Engineering Bay  
  34  4:01  SCV  
  35  4:04  Marauder  
  37  4:10  Starport Tech Lab  
  37  4:13  SCV  
  38  4:25  SCV, Marauder  
  41  4:31  Banshee  
  41  4:37  SCV  
  45  5:14  Banshee  
  48  5:54  Barracks Tech Lab  
  48  5:56  Stimpack, Marine  
  48  5:57  Terran Infantry Weapons Level 1, Factory, Factory Tech Lab  
  49  6:00  Starport  
  49  6:02  Supply Depot  
  49  6:04  Missile Turret  
  49  6:07  Missile Turret, Command Center  
  49  6:11  Combat Shield  
  49  6:14  Marine  
  49  6:16  Marine  
  51  6:23  Siege Tank  
  54  6:32  Marine  
  55  6:36  Marine  
  55  6:37  Starport Tech Lab  
  45  6:40  Supply Depot  
  45  6:41  Factory Tech Lab  
  37  6:50  Marine  
  38  6:54  Marauder  
  38  6:59  Siege Tank  
  45  7:08  Marauder  
  45  7:15  Marine  
  45  7:19  Siege Tank  
  45  7:21  SCV x2  
  51  7:29  Marine  
  52  7:31  Cyclone  
  52  7:33  SCV x2  
  52  7:34  Refinery  
  57  7:38  Marine  
  57  7:39  Refinery  
  58  7:45  SCV  
  58  7:46  SCV  
  58  7:47  Marine  
  58  7:49  Bunker  
  58  7:51  Terran Infantry Armor Level 1  
  61  7:55  Marine  
  61  7:57  SCV, Raven  
  66  7:58  SCV  
  66  8:01  Missile Turret  
  66  8:05  Marauder, Concussive Shells  
  68  8:09  SCV  
  68  8:10  SCV  
  70  8:13  Marine  
  71  8:21  Missile Turret, SCV  
  71  8:22  Raven, SCV  
  71  8:27  Marauder  
  77  8:29  Supply Depot  
  77  8:33  SCV  
  78  8:35  Sensor Tower  
  78  8:36  SCV  
  79  8:45  SCV, Bunker  
  79  8:48  SCV  
  81  8:57  Armory  
  81  8:58  SCV  
  81  9:00  SCV  
  81  9:01  Marine  
  74  9:08  Marine  
  61  9:10  SCV  
  53  9:19  Marine  
  53  9:23  SCV  
  55  9:25  SCV, Marine  
  55  9:28  Siege Tank  
  60  9:37  Marine  
  61  9:43  Marine  
  62  9:55  Marauder  
  62  9:56  Siege Tank  
  67  10:03  Siege Tank  
  67  10:06  Marine  
  71  10:09  Barracks  
  71  10:15  Factory  
  71  10:16  Marine  
  71  10:21  Medivac, Starport  
  74  10:23  Marine  
  74  10:25  Medivac  
  74  10:28  Cyclone  
  80  10:31  Supply Depot  
  80  10:34  Marauder  
  82  10:41  Marine  
  83  10:51  Medivac  
  83  10:55  Marine, Raven  
  88  10:57  Marine  
  88  10:59  Supply Depot, Command Center  
  88  11:00  Marauder, Starport Reactor  
  88  11:01  Factory Tech Lab  
  91  11:14  Marauder  
  91  11:16  Barracks Reactor  
  93  11:20  Marine  
  94  11:26  Ghost Academy  
  94  11:29  Supply Depot  
  94  11:30  Terran Infantry Weapons Level 2  
  94  11:34  Marine  
  94  11:39  Marauder  
  97  11:48  Terran Vehicle Weapons Level 1  
  97  11:52  Marine  
  97  11:53  Marauder  
  100  11:55  Marine  
  100  11:58  Engineering Bay  
  100  12:00  Marauder, Supply Depot  
  103  12:13  Ghost  
  103  12:14  SCV  
  103  12:15  SCV x2  
  108  12:17  Fusion Core  
  108  12:24  Terran Infantry Armor Level 2  
  108  12:26  SCV  
  108  12:27  Marine  
  93  12:30  Marine  
  93  12:33  Marine  
  91  12:39  Refinery  
  91  12:40  Missile Turret  
  91  12:42  Marine, Missile Turret  
  91  12:43  Medivac  
  81  12:45  Armory, Marauder  
  81  12:47  Refinery  
  81  12:48  Marine  
  81  12:51  Marine, Raven  
  81  13:05  Marine  
  82  13:08  Marine  
  82  13:11  Marine  
  82  13:12  Medivac  
  86  13:13  Raven  
  86  13:14  Marine  
  86  13:15  Medivac  
  91  13:20  Siege Tank  
  91  13:23  Marine  
  91  13:26  Marine  
  96  13:28  Raven  
  96  13:29  Marine  
  96  13:32  Marine  
  103  13:34  Siege Tank  
  103  13:35  SCV  
  103  13:37  SCV  
  95  13:41  Marauder  
  95  13:43  Marine  
  95  13:46  Marine  
  81  13:49  Marine  
  81  13:50  Medivac  
  84  14:01  Marine  
  84  14:02  Marauder  
  87  14:04  Marine  
  87  14:07  Marine  
  89  14:20  Marauder, Cyclone  
  89  14:21  SCV  
  89  14:22  Marine  
  89  14:23  SCV  
  89  14:24  Marauder  
  99  14:25  SCV, Marine  
  101  14:34  SCV  
  101  14:35  SCV  
  101  14:37  SCV  
  104  14:40  Marine  
  104  14:41  Marauder  
  104  14:43  Marine  
  104  14:45  Marauder  
  110  14:48  Command Center  
  110  14:58  Marine  
  111  15:01  Marine  
  111  15:02  Terran Vehicle And Ship Armor Level 1, Marauder  
  111  15:06  Marine, Terran Ship Weapons Level 1  
  115  15:11  Terran Infantry Weapons Level 3, Terran Infantry Armor Level 3  
  115  15:16  Marine  
  115  15:18  Marine  
  117  15:24  Marauder  
  119  15:41  Bunker  
  119  16:02  SCV  
  120  16:07  Refinery  
  120  16:09  Marine x2  
  120  16:10  Marine x2  
  122  16:15  Viking  
  122  16:16  Hellion  
  122  16:18  Hellion, Viking  
  124  16:26  Missile Turret, Marine  
  124  16:27  Marine  
  124  16:28  Missile Turret  
  120  16:38  Viking  
  120  16:39  Refinery  
  107  16:42  SCV  
  107  16:43  SCV x2  
  107  16:45  Marauder x2  
  107  16:46  Marine  
  114  16:50  Marine  
  102  17:04  Marine  
  102  17:06  Marine, Ghost  
  102  17:07  Marine  
  106  17:14  SCV  
  107  17:17  SCV  
  107  17:22  Marine  
  110  17:23  Ghost  
  110  17:25  Viking, Marine  
  105  17:31  Command Center  
  105  17:34  Marine  
  101  17:39  Marine  
  101  17:43  Marine  
  98  17:52  Command Center, Marine x2  
  98  17:57  Marine  
  101  18:01  Marine  
  101  18:10  Marine x2  
  103  18:15  Marine  
  103  18:16  SCV  
  103  18:19  Marine, SCV  
  107  18:28  Marine x2  
  107  18:29  SCV  
  107  18:33  Marine, Terran Vehicle Weapons Level 2  
  111  18:37  Marine  
  103  18:46  Marauder  
  103  18:48  Hellion  
  80  18:53  Marine  
  62  18:57  Marine  
  62  19:01  Marine  
  47  19:06  SCV  
  37  19:14  SCV  
  35  19:53  SCV  
  35  19:55  SCV, Marine  
  35  19:56  SCV, Marine x2  
  35  19:58  Marine  
  42  20:05  SCV  
  43  20:08  SCV  
  43  20:12  SCV  
  43  20:13  Marine  
  43  20:14  Marine  
  44  20:17  Marine  
  37  20:28  SCV  
  38  20:31  SCV  
  38  20:32  Marauder  
  38  20:35  SCV  
  42  20:40  SCV  
  43  20:43  SCV  
  43  20:44  Marine  
  43  20:49  SCV  
  46  20:51  Marine  
  46  20:54  Marine  
  48  20:57  Marine  
  48  21:02  Marine  
  50  21:08  Marine  
  51  21:12  Marine  
  52  21:20  Marauder  
  54  21:30  Marauder  
  56  21:36  Medivac  
  58  21:41  Medivac, Ghost  
  58  21:46  Medivac  
  64  21:51  Marauder  
  64  21:52  Marine  
  67  21:54  Marine  
  68  22:03  SCV  
  68  22:06  Raven  
  70  22:10  Marine x2  
  70  22:12  Marine x2  
  74  22:25  Hellion  
  74  22:28  Marine  
  74  22:29  Marine  
  78  22:30  Marine  
  78  22:32  Siege Tank  
  78  22:34  Marine  
  68  22:37  Siege Tank  
  68  22:42  Raven  
  54  22:45  Marine  
  54  22:47  Marine  
  54  22:48  Marine  
  50  22:51  Viking  
  50  22:52  Marine, Viking, Hellion  
  50  22:54  Viking  
  58  23:04  Hellion, Marauder  
  60  23:12  Marine  
  60  23:13  Marine, Hellion  
  60  23:16  Viking  
  51  23:29  Viking  
  37  23:35  Viking  
  37  23:41  Viking  
  29  24:26  Supply Depot  
  26  24:57  Barracks  
  24  25:01  Supply Depot  
  24  25:26  Supply Depot  
  24  25:44  Orbital Command, Barracks Tech Lab  
  24  26:02  Marine  
  25  26:11  Supply Depot  
  24  26:21  Marauder  
  25  26:42  Marine  
  24  26:59  Marine  
  25  27:09  Factory  
  25  27:17  Marine  
  26  27:36  Marauder  
  28  27:42  Barracks  
  28  27:56  Marine  
  26  28:14  Supply Depot, Marine  
  26  28:17  Starport, Factory Tech Lab  
  22  28:28  Marine  
  22  28:32  Marine  
  23  28:36  Hellion, SCV  
  25  28:48  SCV  
  25  28:50  Marine  
  27  29:00  SCV  
  21  29:08  Marauder  
  23  29:16  Barracks  
  20  29:30  SCV  
Show
View Real Time Build Order
Export as new Build Order

A.I. 4 (Harder) Zerg 

Build Orders: 1 Base Baneling Bust, Pool First, Zergling Baneling 

Get SALT Encoding   

  12  0:01  Drone  
  13  0:12  Overlord  
  13  0:17  Drone  
  14  0:30  Drone x2  
  16  0:43  Spawning Pool  
  16  0:45  Drone  
  16  0:49  Drone  
  17  0:52  Extractor  
  17  0:55  Drone  
  17  1:06  Overlord  
  17  1:31  Zergling x4, Queen  
  21  1:38  Roach Warren, Drone  
  21  1:46  Extractor  
  20  1:49  Baneling Nest  
  20  1:53  Drone  
  20  2:00  Drone  
  21  2:10  Drone  
  22  2:21  Zergling x2  
  23  2:32  Drone  
  23  2:34  Baneling x2  
  23  2:35  Baneling  
  24  2:38  Zergling x4, Overlord  
  24  2:44  Zergling x2, Baneling  
  27  2:55  Drone  
  27  2:57  Metabolic Boost  
  28  3:06  Zergling x2  
  28  3:10  Zergling x4  
  28  3:11  Zergling x2  
  32  3:18  Overlord  
  32  3:27  Baneling  
  32  3:28  Zergling x2  
  32  3:30  Baneling  
  33  3:35  Baneling  
  33  3:38  Zergling x2  
  33  3:39  Baneling  
  34  3:42  Drone, Zergling x2  
  34  3:45  Drone  
  37  3:50  Drone  
  38  3:59  Evolution Chamber  
  38  4:01  Drone  
  38  4:12  Drone  
  38  4:13  Overlord  
  38  4:14  Drone  
  40  4:17  Roach  
  40  4:24  Roach  
  44  4:34  Lair  
  44  4:40  Drone  
  45  4:51  Roach  
  40  4:58  Roach  
  42  5:04  Roach  
  44  5:11  Overlord  
  44  5:23  Zerg Melee Weapons Level 1  
  44  5:35  Hydralisk Den  
  43  5:36  Drone  
  44  5:46  Centrifugal Hooks  
  44  6:01  Burrow  
  44  6:03  Hydralisk  
  44  6:11  Roach  
  48  6:15  Overlord  
  48  6:17  Roach  
  50  6:24  Roach  
  52  6:30  Roach  
  54  6:37  Roach  
  56  6:43  Hydralisk, Overlord  
  58  6:49  Hydralisk  
  58  6:50  Hatchery  
  59  6:56  Hydralisk  
  59  7:00  Overseer  
  61  7:02  Hydralisk  
  63  7:09  Hydralisk  
  63  7:10  Overseer  
  63  7:11  Spore Crawler  
  63  7:15  Spore Crawler  
  63  7:17  Zerg Ground Armor Level 1  
  63  7:26  Queen  
  65  7:36  Infestation Pit  
  64  7:42  Spine Crawler  
  63  7:51  Spine Crawler  
  62  8:04  Spire  
  61  8:06  Drone  
  62  8:26  Roach  
  62  8:31  Roach  
  62  8:38  Hive  
  24  9:09  Extractor  
  23  9:18  Extractor  
  23  9:19  Drone  
  23  9:24  Drone  
  23  9:29  Drone  
  25  9:32  Hydralisk  
  25  9:34  Drone  
  25  9:36  Hatchery  
  27  9:54  Ultralisk Cavern  
  26  10:07  Drone  
  26  10:11  Drone  
  28  10:15  Drone  
  28  10:20  Drone  
  30  10:24  Drone  
  31  10:29  Drone  
  31  10:32  Drone  
  33  10:36  Drone  
  33  10:40  Drone  
  33  10:41  Ultralisk  
  41  10:44  Drone  
  41  10:49  Drone  
  43  10:52  Drone  
  44  11:02  Evolution Chamber  
  44  11:03  Overseer  
  43  11:08  Drone  
  44  11:13  Zergling x2  
  45  11:32  Ultralisk  
  51  11:40  Hydralisk  
  53  11:47  Pneumatized Carapace  
  53  11:48  Hydralisk  
  55  12:02  Overseer  
  55  12:09  Ultralisk  
  61  12:23  Ultralisk  
  61  12:28  Hydralisk  
  61  12:42  Ultralisk  
  67  12:56  Ultralisk  
  73  13:01  Overlord  
  73  13:15  Ultralisk  
  79  13:29  Ultralisk  
  85  13:34  Overlord  
  85  13:39  Hydralisk  
  87  13:44  Hydralisk  
  89  13:52  Hydralisk  
  89  13:54  Overlord  
  91  13:57  Drone  
  91  13:59  Drone  
  91  14:02  Drone  
  94  14:04  Drone  
  94  14:07  Drone  
  94  14:09  Drone  
  97  14:12  Drone  
  97  14:17  Overlord  
  98  14:19  Overseer  
  98  14:27  Zerg Missile Weapons Level 1  
  98  14:32  Zerg Melee Weapons Level 2  
  98  14:35  Drone  
  98  14:37  Overlord  
  99  14:39  Drone  
  99  14:41  Drone  
  99  14:43  Drone  
  102  14:45  Drone  
  102  14:47  Drone  
  102  14:49  Drone  
  105  14:53  Overlord  
  105  14:54  Overseer  
  105  14:59  Drone  
  106  15:12  Overlord, Drone  
  106  15:14  Drone  
  108  15:16  Drone  
  108  15:18  Roach  
  111  15:22  Roach  
  111  15:28  Ultralisk  
  113  15:30  Overlord, Roach  
  113  15:33  Roach  
  117  15:36  Infestor  
  117  15:40  Infestor  
  121  15:44  Infestor  
  121  15:48  Zergling x2, Overlord  
  117  15:52  Roach  
  117  15:56  Roach  
  115  15:59  Roach  
  115  16:00  Zergling x4  
  107  16:05  Hydralisk, Roach  
  107  16:09  Infestor  
  81  16:12  Infestor  
  81  16:16  Infestor  
  85  16:20  Overseer  
  85  16:21  Hydralisk, Zerg Ground Armor Level 2  
  85  16:24  Overlord  
  87  16:27  Extractor  
  87  16:30  Overseer  
  86  16:33  Extractor  
  86  16:38  Overseer  
  85  16:47  Roach  
  85  16:52  Roach  
  89  16:55  Roach  
  89  16:59  Roach  
  93  17:03  Overlord, Roach  
  93  17:06  Roach  
  97  17:10  Roach  
  97  17:14  Roach  
  101  17:21  Overlord, Overseer  
  101  17:30  Roach  
  101  17:33  Infestor  
  95  17:46  Infestor  
  97  17:59  Infestor  
  97  18:03  Hydralisk  
  97  18:04  Overlord  
  101  18:13  Overseer  
  101  18:22  Overlord  
  101  18:23  Infestor  
  103  18:36  Infestor  
  103  18:40  Drone  
  103  18:41  Drone  
  107  18:50  Infestor, Overlord  
  107  18:52  Spore Crawler, Drone  
  109  18:58  Spore Crawler, Drone  
  109  19:00  Spore Crawler, Drone  
  109  19:04  Infestor  
  109  19:07  Spore Crawler, Drone  
  109  19:09  Drone x2  
  113  19:10  Drone x2, Overlord  
  113  19:11  Drone x3  
  113  19:16  Infestor  
  118  19:24  Ultralisk  
  124  19:28  Hydralisk  
  124  19:30  Overlord  
  120  19:42  Ultralisk  
  96  19:46  Hydralisk  
  96  19:51  Zergling x2  
  80  19:56  Roach  
  80  19:59  Hydralisk  
  85  20:12  Overseer  
  87  20:14  Roach  
  87  20:18  Roach  
  89  20:22  Hydralisk  
  89  20:25  Spine Crawler  
  89  20:27  Hydralisk  
  92  20:29  Spine Crawler  
  92  20:32  Spine Crawler  
  92  20:35  Spine Crawler  
  89  20:45  Ultralisk  
  89  20:47  Overlord  
  89  20:49  Overseer  
  95  21:10  Overlord, Ultralisk  
  101  21:28  Queen  
  101  21:29  Overlord, Ultralisk, Queen  
  111  21:35  Swarm Host  
  114  21:53  Viper  
  117  21:54  Overlord  
  117  22:07  Zerg Missile Weapons Level 2, Ultralisk  
  117  22:17  Zerg Flyer Weapons Level 1  
  117  22:41  Roach  
  88  22:46  Zergling x2  
  65  22:52  Roach  
  65  22:55  Queen  
  65  22:56  Hydralisk  
  69  23:02  Roach  
  71  23:07  Ultralisk  
  71  23:11  Hydralisk  
  79  23:19  Ultralisk  
  85  23:26  Overseer  
  85  23:36  Overseer  
  85  23:42  Hydralisk, Overlord  
  85  23:47  Hydralisk  
  89  23:52  Zergling x2  
  89  23:58  Ultralisk  
  85  24:03  Roach  
  85  24:08  Roach  
  83  24:13  Roach  
  83  24:14  Hydralisk  
  79  24:18  Hydralisk  
  81  24:29  Ultralisk  
  84  24:39  Zergling x2  
  84  24:44  Swarm Host  
  77  24:50  Roach  
  71  24:54  Hydralisk  
  71  24:55  Zergling x2  
  71  24:56  Zergling x4  
  71  24:57  Zergling x4  
  71  24:59  Zergling x2  
  76  25:03  Hydralisk  
  78  25:09  Overlord, Evolution Chamber  
  78  25:12  Roach  
  78  25:13  Roach, Zergling x2  
  72  25:14  Zergling x2  
  72  25:19  Overlord  
  70  25:40  Overlord  
  70  25:41  Overlord  
  60  26:00  Overlord  
  59  26:06  Spawning Pool  
  59  26:10  Evolution Chamber  
  57  26:13  Evolution Chamber  
  56  26:55  Zergling x2  
  56  26:56  Lair  
  57  27:55  Overseer  
  57  28:01  Spire  
  53  28:10  Zergling x2  
  53  28:12  Zergling x4  
  50  28:13  Zergling x2  
  50  28:15  Zergling x2  
  50  28:16  Zergling x2  
  49  28:21  Lair  
  23  28:55  Hatchery  
  22  29:06  Corruptor  
  24  29:10  Mutalisk  
  24  29:11  Extractor  
  24  29:14  Mutalisk  
  27  29:17  Mutalisk  
  27  29:21  Mutalisk  
  27  29:23  Zergling x2, Extractor  
  27  29:24  Drone  
  32  29:25  Drone  
  32  29:26  Drone  
  32  29:28  Zergling x4  
  32  29:29  Zergling x2, Roach Warren, Drone  
  33  29:30  Zergling x2  
Show
View Real Time Build Order
Export as new Build Order

A.I. 5 (Harder) Protoss 

Build Orders:  

Get SALT Encoding   

  12  0:01  Probe  
  13  0:13  Probe  
  14  0:20  Pylon  
  14  0:25  Probe  
  15  0:34  Probe  
  15  0:42  Probe  
  16  0:47  Assimilator  
  17  0:50  Gateway  
  17  0:52  Probe  
  18  1:00  Probe  
  18  1:01  Pylon  
  19  1:19  Probe  
  20  1:38  Zealot  
  20  1:39  Gateway  
  22  1:43  Cybernetics Core  
  22  1:44  Assimilator  
  22  2:02  Pylon  
  22  2:03  Zealot  
  22  2:09  Warp Gate  
  24  2:26  Stalker  
  26  2:32  Stalker  
  28  2:43  Pylon  
  28  2:53  Stalker  
  30  2:59  Stalker  
  30  3:01  Probe  
  33  3:13  Probe  
  33  3:17  Adept  
  34  3:20  Forge  
  34  3:25  Probe  
  34  3:26  Stalker  
  39  3:32  Pylon  
  39  3:37  Probe  
  40  3:49  Probe  
  43  4:01  Probe, Adept  
  44  4:24  Protoss Ground Weapons Level 1  
  44  4:37  Sentry  
  46  4:41  Gateway  
  46  4:43  Pylon  
  46  4:44  Sentry  
  48  4:46  Photon Cannon  
  48  4:56  Photon Cannon  
  48  5:00  Sentry  
  50  5:08  Sentry  
  50  5:14  Robotics Facility  
  52  5:17  Pylon  
  48  5:24  Stalker  
  50  5:31  Stalker  
  52  5:59  Twilight Council  
  52  6:02  Forge, Observer  
  53  6:12  Nexus  
  53  6:19  Protoss Ground Armor Level 1  
  53  6:26  Stalker  
  53  6:27  Blink  
  55  6:33  Adept  
  57  6:44  Observer  
  58  7:16  Stargate  
  58  7:21  Probe  
  58  7:25  Probe  
  58  7:29  Probe  
  60  7:35  Assimilator  
  61  7:37  Probe  
  61  7:39  Probe  
  61  7:40  Pylon  
  61  7:42  Pylon  
  63  7:44  Assimilator  
  63  7:49  Probe  
  63  7:51  Probe  
  65  8:01  Probe  
  65  8:03  Probe  
  65  8:05  Photon Cannon  
  67  8:09  Photon Cannon  
  67  8:13  Probe  
  67  8:15  Probe  
  69  8:23  Probe  
  70  8:27  Dark Shrine  
  70  8:30  Gateway  
  70  8:33  Robotics Facility  
  70  8:36  Stargate  
  70  8:40  Nexus  
  70  8:46  Templar Archives  
  70  9:00  Stalker x2  
  60  9:13  Immortal  
  48  9:20  Stalker  
  48  9:21  Gateway  
  46  9:26  High Templar  
  46  9:30  Warp Prism  
  50  9:38  Stargate  
  50  9:40  Dark Templar  
  52  9:46  Sentry  
  52  9:52  Warp Prism  
  54  9:53  Dark Templar  
  58  10:01  Warp Prism  
  60  10:09  Zealot  
  62  10:15  Stalker  
  64  10:22  Sentry  
  64  10:25  Observer  
  67  10:29  High Templar  
  67  10:35  Oracle  
  69  10:36  Assimilator  
  72  10:50  Assimilator  
  72  10:52  Immortal  
  76  10:58  Probe  
  76  11:00  Probe  
  76  11:02  Probe  
  79  11:05  Dark Templar  
  79  11:10  Probe  
  82  11:12  Probe  
  82  11:14  Probe  
  82  11:16  Dark Templar  
  82  11:17  Protoss Ground Armor Level 2  
  86  11:22  Probe  
  86  11:24  Probe  
  88  11:26  Probe  
  88  11:27  Protoss Ground Weapons Level 2  
  88  11:32  Probe  
  89  11:33  Probe  
  89  11:38  Probe  
  92  11:40  Probe  
  92  11:42  Probe  
  94  11:49  Probe  
  95  11:57  Zealot  
  97  12:01  Archon  
  97  12:08  Void Ray  
  97  12:13  Zealot  
  103  12:18  Zealot  
  98  12:26  Pylon  
  80  12:30  Stalker  
  80  12:31  Robotics Bay  
  80  12:35  Zealot  
  84  12:39  Sentry  
  86  12:46  High Templar  
  86  12:50  Stalker  
  90  12:54  Stalker  
  92  12:59  Sentry  
  92  13:05  Probe  
  95  13:07  Probe, High Templar  
  95  13:08  Probe  
  95  13:12  Archon  
  99  13:17  High Templar, Probe  
  102  13:20  Probe x2  
  102  13:21  High Templar  
  102  13:25  Void Ray  
  110  13:28  Pylon  
  110  13:29  Probe  
  110  13:30  Archon, Disruptor  
  115  13:35  High Templar  
  115  13:39  Disruptor  
  121  13:43  High Templar  
  121  13:48  Pylon  
  123  13:52  Archon  
  123  13:59  Fleet Beacon  
  123  14:09  Archon  
  123  14:15  High Templar, Pylon  
  125  14:21  Protoss Shields Level 1  
  125  14:24  High Templar  
  127  14:30  Pylon  
  127  14:32  Pylon  
  127  14:33  Tempest  
  127  14:42  Gravitic Boosters  
  131  14:53  Photon Cannon  
  131  14:56  Photon Cannon  
  131  14:58  Protoss Air Weapons Level 1  
  131  15:00  Void Ray  
  131  15:23  Immortal  
  131  15:28  Immortal  
  139  15:29  Gravitic Drive  
  139  15:43  Carrier  
  139  15:48  Zealot  
  121  15:53  Zealot  
  87  15:57  Zealot  
  87  16:02  Sentry  
  91  16:06  Zealot  
  93  16:12  Stalker  
  93  16:16  High Templar  
  97  16:20  Disruptor  
  97  16:25  Stalker  
  103  16:26  Nexus  
  103  16:29  High Templar  
  105  16:33  Stalker  
  105  16:38  Sentry  
  109  16:42  Disruptor  
  113  16:52  Archon  
  113  16:53  High Templar  
  115  17:05  High Templar  
  117  17:09  Archon  
  117  17:16  Dark Templar  
  119  17:30  High Templar  
  121  17:38  Archon  
  121  17:42  Dark Templar  
  123  17:46  Assimilator  
  123  17:51  Pylon  
  123  17:53  Pylon  
  123  17:54  Dark Templar  
  123  17:55  Assimilator  
  125  17:59  Archon  
  125  18:09  High Templar  
  127  18:13  Protoss Shields Level 2  
  127  18:14  Photon Cannon  
  127  18:16  Photon Cannon  
  127  18:21  High Templar  
  129  18:29  Protoss Air Armor Level 1  
  129  18:36  Archon  
  129  18:42  Stalker  
  129  18:50  Zealot  
  129  18:55  Zealot  
  127  18:59  Zealot  
  129  19:04  Stalker  
  129  19:08  Stalker  
  127  19:13  Stalker  
  129  19:17  Stalker  
  129  19:22  Stalker  
  133  19:24  Nexus  
  133  19:26  Stalker  
  133  19:30  Adept  
  137  19:35  Colossus  
  121  19:40  Tempest  
  121  19:45  Stalker  
  113  19:49  Zealot  
  101  19:54  Sentry  
  101  19:58  Sentry  
  105  20:03  Stalker  
  105  20:04  Immortal  
  107  20:12  Dark Templar  
  113  20:16  Dark Templar  
  113  20:18  Immortal, Protoss Ground Weapons Level 3  
  113  20:21  Zealot  
  117  20:25  Stalker  
  123  20:36  Archon, Protoss Ground Armor Level 3, Dark Templar  
  125  20:43  Dark Templar  
  127  21:00  Archon  
  127  21:04  Dark Templar  
  129  21:06  Assimilator  
  129  21:09  Pylon  
  129  21:12  Dark Templar, Pylon  
  129  21:16  Assimilator  
  129  21:17  Archon  
  131  21:36  Photon Cannon  
  131  21:39  Photon Cannon  
  131  22:05  Stalker  
  121  22:09  Zealot  
  121  22:14  Stalker  
  97  22:19  Zealot  
  73  22:23  Stalker  
  73  22:26  Probe x2  
  73  22:27  Probe  
  73  22:28  Zealot, Probe  
  73  22:29  Probe  
  71  22:32  Stalker  
  71  22:37  Stalker  
  71  22:38  Probe  
  71  22:39  Probe, Void Ray  
  79  22:44  Adept  
  79  22:45  Pylon  
  79  22:47  Probe  
  79  22:49  Void Ray, Probe  
  79  22:50  Photon Cannon  
  84  22:52  Probe  
  84  22:53  Void Ray  
  84  22:58  Immortal, Probe  
  91  22:59  Probe  
  91  23:01  Probe  
  91  23:02  Sentry  
  91  23:04  Probe  
  91  23:05  Pylon  
  96  23:09  Zealot  
  96  23:10  Probe  
  96  23:11  Probe  
  95  23:13  Probe  
  95  23:14  Stalker x2  
  95  23:15  Stalker  
  95  23:16  Probe  
  103  23:24  Probe  
  103  23:25  Dark Templar, Stalker  
  103  23:26  Probe  
  103  23:27  Probe  
  114  23:28  Probe  
  105  23:35  Probe  
  105  23:37  Immortal, High Templar  
  105  23:40  Probe  
  109  23:42  Sentry  
  109  23:44  Photon Cannon  
  109  23:48  Stalker  
  103  23:50  Robotics Facility  
  103  23:54  Zealot  
  100  24:00  Stalker  
  86  24:03  Probe  
  86  24:07  Stalker  
  86  24:08  Stalker  
  81  24:13  Pylon  
  81  24:16  Zealot  
  85  24:21  Cybernetics Core, Zealot  
  75  24:33  Probe  
  75  24:36  Zealot  
  78  24:44  Zealot  
  76  24:49  Pylon  
  70  24:57  Sentry, Nexus  
  62  25:13  Stalker  
  61  25:32  Zealot  
  63  25:41  Pylon  
  60  25:50  Dark Templar  
  61  26:23  Pylon  
  60  26:27  Archon  
  60  26:36  Pylon  
  60  26:40  Nexus  
  51  27:26  Pylon  
  39  27:30  Pylon  
  32  28:08  Forge  
  32  28:10  Pylon  
  28  28:59  Pylon  
  28  29:05  Nexus  
  28  29:09  Gateway  
  28  29:15  Probe  
  28  29:18  Pylon  
  29  30:00  Zealot  
  31  30:09  Pylon  
  31  30:16  Zealot  
  33  30:22  Nexus  
  33  30:28  Nexus  
  33  30:29  Nexus  
Tags
 
Add a new tag
Caveats
  • Supply blocks, unpowered buildings, or Contaminate may cause inaccurate times.
  • Supply counts are checked every 10 seconds.